 Dungeon Crawl Stone Soup version 0.18-a0-844-g9229740 (webtiles) character file.

56 Raultor the Skirmisher (level 3, -1/29 HPs)
             Began as a Demonspawn Fighter on Dec 19, 2015.
             Killed from afar by Sigmund (3 damage)
             ... with a wand of frost
             ... on level 2 of the Dungeon.
             The game lasted 00:04:40 (1083 turns).

Raultor the Skirmisher (Demonspawn Fighter)         Turns: 1083, Time: 00:04:40

Health: -1/29      AC:  9    Str: 22    XL:     3   Next: 69%
Magic:  3/3        EV:  7    Int:  9    God:
Gold:   41         SH:  9    Dex: 12    Spells: 0 memorised, 2 levels left

rFire  . . .     SeeInvis .     a - +0 flail
rCold  . . .     Gourm    .     b - +0 scale mail
rNeg   . . .     Faith    .     c - +0 shield
rPois  .         Spirit   .     h - +0 helmet
rElec  .         Dismiss  .     (no cloak)
rCorr  .         Reflect  .     (no gloves)
SustAt .         Harm     .     (no boots)
MR     .....                    (no amulet)
Stlth  ..........               (no ring)
                                (no ring)

@: mighty, not resistant to hostile enchantments, extremely unstealthy
A: slimy green scales 1, rot immunity
a: no special abilities


You were on level 2 of the Dungeon.
You were not hungry.

You visited 1 branch of the dungeon, and saw 2 of its levels.

You collected 41 gold pieces.

Inventory:

Hand Weapons
 a - a +0 flail (weapon)
Armour
 b - a +0 scale mail (worn)
 c - a +0 shield (worn)
 h - a +0 helmet (worn)
   (You found it on level 1 of the Dungeon)
Scrolls
 g - 2 scrolls of remove curse {unknown}
 k - a scroll of enchant armour {unknown}
 l - 2 scrolls of teleportation {unknown}
 r - a scroll of identify {unknown}
Potions
 e - a potion of brilliance {unknown}
 m - a potion of mutation {unknown}
 n - a potion of degeneration {unknown}
 o - a potion of cancellation {unknown}
 p - a potion of haste {unknown}
Comestibles
 f - 2 bread rations {@e1}
 j - 4 beef jerkies
 q - a meat ration {@e2}


   Skills:
 + Level 3.2 Fighting
 * Level 2.6 Maces & Flails
 + Level 3.0 Armour
 + Level 1.1 Dodging
 + Level 2.9 Shields


You had 2 spell levels left.
You didn't know any spells.

Dungeon Overview and Level Annotations

Branches:
Dungeon (2/15)

Altars:

Annotations:
D:2 Sigmund


Innate Abilities, Weirdness & Mutations

You are partially covered in slimy green scales (AC +2).
You are immune to rotting.


Message History

You butcher the goblin corpse.
i - 11 chunks of flesh {@w0} (gained 2)
You see here a goblin skeleton.
You start resting.
Some of the chunks of flesh in your inventory have rotted away.
j - 4 beef jerkies (gained 1) Some of the chunks of flesh in your inventory have rotted away.
r - a scroll labeled ULLAECESIL Health restored: 29 You open the door.
Found a stone staircase leading down.
There is an open door here.
Eating one of 4 chunks of flesh {@w0}.
You continue eating. x2
A rat comes into view.
Some of the chunks of flesh in your inventory have rotted away.
You hit the rat. You block the rat's attack.
You hit the rat. You block the rat's attack.
Your shield prevents you from hitting the rat.
You block the rat's attack. x2
You closely miss the rat. You block the rat's attack.
You closely miss the rat. The rat bites you but does no damage.
You hit the rat. The rat bites you but does no damage.
The rat bites you but does no damage.
You sock the rat!
You kill the rat!
No target in view!
A rat comes into view.
You hit the rat but do no damage. The rat barely misses you.
You block the rat's attack.
You hit the rat.
You kill the rat!
No target in view!
No target in view!
You see here a rat corpse.
You open the door.
There is an open door here.
All of the chunks of flesh in your inventory have rotted away.
A kobold comes into view. It is wielding a club.
The kobold shouts!
The kobold throws a stone.
The stone barely misses you.
You see here a stone.
The kobold throws a stone.
The stone barely misses you.
The kobold throws a stone.
You block the stone.
You see here a stone.
A hobgoblin comes into view. It is wielding a club.
The hobgoblin shouts!
You hit the kobold. You block the kobold's attack.
You closely miss the kobold. You block the kobold's attack.
You block the kobold's attack.
Sigmund the Dreaded comes into view.
He is wielding a scythe.
You block the kobold's attack.
You closely miss the kobold. The kobold hits you but does no damage.
You closely miss the kobold. You block the kobold's attack.
Your shield and scale mail prevent you from hitting the kobold.
You block the kobold's attack. The kobold hits you but does no damage.
You closely miss the kobold. The kobold hits you with a club.
You take 1 damage, and have 28/29 hp.
You closely miss the kobold.
Sigmund shouts!
The kobold hits you but does no damage.
You hit the kobold but do no damage. The kobold hits you but does no damage.
Sigmund zaps a wand.
You block the puff of frost.
It is a wand of frost.
You hit the kobold.
You kill the kobold!
Sigmund points at you and mumbles some strange words.
The magic dart hits you!
You hit the hobgoblin. The hobgoblin hits you with a club.
Sigmund zaps a wand.
The puff of frost hits you!
You take 11 damage, and have 17/29 hp.
MASSIVE DAMAGE!!
You hit the hobgoblin.
You kill the hobgoblin!
Sigmund gestures at you while chanting. You resist with significant effort.
Things that are here:
a club x2 a kobold corpse Drink which item? (? for menu, Esc to quit)
You feel very mighty all of a sudden.
Sigmund hits you from afar with a scythe.
A kobold comes into view. It is wielding a short sword.
You take 4 damage, and have 13/29 hp.
The kobold shouts!
You thump Sigmund! Sigmund barely misses you.
A giant cockroach comes into view.
Unknown command.
You closely miss Sigmund.
Sigmund zaps a wand.
The puff of frost hits you!
* * * LOW HITPOINT WARNING * * *
You take 12 damage, and have 2/29 hp.
MASSIVE DAMAGE!!
You barely miss Sigmund. Sigmund closely misses you.
You hit Sigmund.
Sigmund zaps a wand.
The puff of frost hits you!
You die...

#..# ##.# #..# . .. P.. #.g#
.##.## .. ... #..#####.#... ...
##.. #..##....#..##+#...
.#.P.#..##....#.........
.#####..g.....#.@s....#
.......(##.####@K.....##########
.#####..##...)........##........
.#..P#.(.#.#####.##.#.##.#######
##.. #.#.#.# #.##.#.##.#######
..P #.#..######.##.............
.. #....[.......[.............
#..........................
####..........................


You could see Sigmund, a giant cockroach and a kobold.

Vanquished Creatures
  An adder (D:2)
  A gnoll (D:1)
  A giant gecko (D:1)
  6 goblins
  5 hobgoblins
  3 jackals (D:1)
  6 kobolds
  A quokka (D:2)
  2 ball pythons
  5 bats
  A giant cockroach (D:1)
  2 giant newts (D:1)
  3 rats
37 creatures vanquished.

Notes
Turn   | Place    | Note
--------------------------------------------------------------
     0 | D:1      | Raultor the Demonspawn Fighter began the quest for the Orb.
     0 | D:1      | Reached XP level 1. HP: 18/18 MP: 1/1
    76 | D:1      | Reached skill level 2 in Maces & Flails
   170 | D:1      | Gained mutation: You are partially covered in slimy green scales (AC +2). [demonic ancestry]
   170 | D:1      | Reached XP level 2. HP: 16/24 MP: 2/2
   500 | D:1      | Gained mutation: You are immune to rotting. [demonic ancestry]
   500 | D:1      | Reached XP level 3. HP: 27/29 MP: 3/3
   501 | D:1      | Reached skill level 1 in Dodging
   754 | D:2      | Reached skill level 3 in Armour
  1058 | D:2      | Noticed Sigmund
  1081 | D:2      | HP: 2/29 [Sigmund/wand of frost (12)]
  1083 | D:2      | Killed from afar by Sigmund

Vault maps used:
D:1:      grunt_arrival_crossed_arrows, kennysheep_crisscross, minivault_11
D:2:      serial_aquarium, aquarium_bridge_island_small, aquarium_window_fake,
          aquarium_window_2, aquarium_window_2, aquarium_view_2d, uniq_natasha,
          uniq_sigmund

Action                   || total
-------------------------++-------
Melee: Flail             ||   146
  Use: Potion            ||     1
  Eat: Chunk             ||     1

Vault maps used:
D:1:      grunt_arrival_crossed_arrows, kennysheep_crisscross, minivault_11
D:2:      serial_aquarium, aquarium_bridge_island_small, aquarium_window_fake,
          aquarium_window_2, aquarium_window_2, aquarium_view_2d, uniq_natasha,
          uniq_sigmund

Table legend:
 A = Turns spent in this place as a percentage of turns spent in the entire game.
 B = Non-inter-level travel turns spent in this place as a percentage of non-inter-level travel turns spent in the entire game.
 C = Inter-level travel turns spent in this place as a percentage of turns spent in this place.
 D = Turns resting spent in this place as a percentage of non-inter-level travel turns spent in this place.
 E = Turns spent auto-exploring this place as a percentage of non-inter-level travel turns spent in this place.
 F = Non-inter-level travel turns spent in this place divided by the number of levels of this place that you've seen.
                   A       B       C       D       E      F
               +-------+-------+-------+-------+-------+----------------------
         Total | 100.0 | 100.0 |   0.3 |   1.3 |  14.3 | 157.0
       Dungeon | 100.0 | 100.0 |   0.3 |   1.3 |  14.3 | 157.0
               +-------+-------+-------+-------+-------+----------------------

Table legend:
 A = Kills in this place as a percentage of kills in entire the game.
 B = Kills by you in this place as a percentage of kills by you in the entire game.
 C = Kills by friends in this place as a percentage of kills by friends in the entire game.
 D = Other kills in this place as a percentage of other kills in the entire game.
 E = Experience gained in this place as a percentage of experience gained in the entire game.
 F = Experience gained in this place divided by the number of levels of this place that you have seen.
                   A       B       C       D       E      F
               +-------+-------+-------+-------+-------+----------------------
         Total | 100.0 | 100.0 |  -nan |  -nan | 100.0 |  40.0
       Dungeon | 100.0 | 100.0 |  -nan |  -nan | 100.0 |  40.0
               +-------+-------+-------+-------+-------+----------------------
